 Dungeon Crawl Stone Soup version 0.26-a0-812-g31a745ddcd (webtiles) character file.

Game seed: 8199954901208199278

490 kae the Conjurer (level 7, -6/60 HPs)
             Began as an Octopode Conjurer on Nov 24, 2020.
             Blown up by Ijyb (24 damage)
             ... with a disintegration bolt
             ... on level 5 of the Dungeon.
             The game lasted 00:03:06 (4307 turns).

kae the Conjurer (Octopode Conjurer)                Turns: 4307, Time: 00:03:07

Health: -6/60      AC: 23    Str:  6    XL:     7   Next: 14%
Magic:  2/11       EV:  2    Int: 25    God:
Gold:   250        SH:  0    Dex: 10    Spells: 6/12 levels left

rFire    . . .     SeeInvis .   (no weapon)
rCold    . . .     Faith    .   (no shield)
rNeg     + + +     Spirit   .   (helmet currently unavailable)
rPois    +         Reflect  .   (no amulet)
rElec    .         Harm     .   (no ring)
rCorr    .         Rampage  .   (no ring)
MR       .....     NoTele   +   (no ring)
Stlth    +++.......             (no ring)
HPRegen  0.20/turn              (no ring)
MPRegen  0.12/turn              (no ring)
                                (no ring)
                                (no ring)

@: tree-form
A: almost no armour, stealthy swim, (amphibious), 8 rings, (constrict 8), clever
1, frail 1, wild magic 1
a: no special abilities


You were on level 5 of the Dungeon.
You were a tree.
You visited 1 branch of the dungeon, and saw 5 of its levels.

You collected 250 gold pieces.

Inventory:

Jewellery
 b - an uncursed ring of protection from magic {unknown}
 h - an uncursed ring of fire {unknown}
 o - a cursed -4 ring of intelligence {unknown}
Wands
 s - a wand of acid (10)
Scrolls
 i - 5 scrolls of identify {unknown}
 j - 2 scrolls of amnesia {unknown}
 m - 2 scrolls of enchant weapon {unknown}
 n - a scroll of enchant armour {unknown}
 p - a scroll of teleportation {unknown}
Potions
 a - a potion of might
 e - a potion of cancellation
 l - a potion of lignification
 q - 2 potions of degeneration {unknown}
 r - a potion of curing {unknown}


   Skills:
 + Level 2.5 Fighting
 + Level 3.4 Dodging
 + Level 4.9 Stealth
 + Level 3.3 Spellcasting
 * Level 5.8 Conjurations


You had 6 spell levels left.
You knew the following spells:

 Your Spells              Type           Power        Failure   Level
a - Magic Dart            Conj           ####         1%          1
b - Searing Ray           Conj           #####.       2%          2
c - Dazzling Flash        Conj/Hex       ###...       13%         3

Your spell library contained the following spells:

 Spells                   Type           Power        Failure   Level
 Fulminant Prism          Conj/Hex       ###.......   36%         4
 Iskenderun's Mystic Bla  Conj/Tloc      ###.....     36%         4


Dungeon Overview and Level Annotations

Branches:
Dungeon (5/15)             Temple (0/1) D:5

Altars:
Elyvilon
Nemelex Xobeh
Okawaru
Trog
Wu Jian
Xom
The Shining One

Shops:
D:4 (

Annotations:
D:4 2 transporters, Blackmass's ghost, amateur OpEE
D:5 Ijyb


Innate Abilities, Weirdness & Mutations

You cannot wear most types of armour.
You are very stealthy in the water. (Stealth+)
((You are amphibious.))
You can wear up to eight rings at the same time.
((You can use your tentacles to constrict eight enemies at once.))
((Your skin changes colour to match your surroundings (Stealth+).))
((Your rubbery body absorbs attacks. (AC +1, EV +1)))
Your mind is acute. (Int +2)
You are frail. (-10% HP)
Your spells are a little harder to cast, but a little more powerful.


Message History

You hit Ijyb.
Ijyb is moderately wounded.
Ijyb hits you but does no damage.
You closely miss Ijyb.
Ijyb is moderately wounded.
Ijyb zaps a wand.
You struggle to resist.
You feel much better. Ijyb screams, "Me kill you!"
Ijyb zaps a wand.
You are blasted!
* * * LOW HITPOINT WARNING * * *
You barely miss Ijyb.
Ijyb is moderately wounded.
Ijyb barely misses you.
You smack Ijyb!
Ijyb is severely wounded.
Ijyb hits you but does no damage.
You completely miss Ijyb.
Ijyb is severely wounded.
Ijyb zaps a wand.
You are blasted!
You die...

,,,,,,,,*,,,,,,,...######........
,,,,,,,,,,,,........####.........
,,,,,,,,,.,,,...........[........
,,,,,**,,..,,....................
*,,,,*,,,...,,#......###.........
**,***,,,....##.....###..........
,,,*≈*,,,...........##......<)..#
,,,*∩*,,,.......g...##......[.###
*,,*≈*,,,.......♣..............##
****≈*,,,#.....#................#
*≈*,,,##..#*#............[...#
*≈*,,,#.#** ##...............#
*≈*,,*#***** ##...........[).#
*≈*,** **,** ###............#
*≈*,* **,,,** #.............
*,,,* *,,,,,***#.............
***** *,,,,,**,..............


You could see Ijyb.

Vanquished Creatures
  An ice beast (D:5)
  A jelly (D:2)
  3 orc priests
  Crazy Yiuf (D:4)
  A bullfrog skeleton (D:5)
  Natasha (twice) (D:3)
  A hound zombie (D:5)
  4 gnolls (D:3)
  2 adders
  A shadow imp (D:5)
  3 worms
  A dart slug (D:2)
  3 leopard geckos
  11 orcs
  3 ball pythons
  6 bats
  2 giant cockroaches (D:1)
  7 hobgoblins
  6 frilled lizards
  6 goblins
  A jackal skeleton (D:4)
  7 kobolds
  15 rats
88 creatures vanquished.

Notes
Turn   | Place    | Note
-------+----------+-------------------------------------------
     0 | D:1      | kae the Octopode Conjurer began the quest for the Orb.
     0 | D:1      | Reached XP level 1. HP: 11/11 MP: 3/3
   413 | D:1      | Reached XP level 2. HP: 18/18 MP: 1/5
  1014 | D:1      | Reached XP level 3. HP: 22/22 MP: 3/6
  1090 | D:2      | Reached skill level 1 in Fighting
  1156 | D:2      | Reached XP level 4. HP: 28/28 MP: 4/7
  1849 | D:2      | Found an ornate altar of the Wu Jian Council.
  1911 | D:2      | Found a white marble altar of Elyvilon.
  1912 | D:2      | Found a bloodstained altar of Trog.
  1913 | D:2      | Found a sparkling altar of Nemelex Xobeh.
  1913 | D:2      | Found a shimmering altar of Xom.
  1916 | D:2      | Found a glowing golden altar of the Shining One.
  2069 | D:2      | Found an iron altar of Okawaru.
  2182 | D:3      | Learned a level 2 spell: Searing Ray
  2186 | D:3      | Learned a level 3 spell: Dazzling Flash
  2391 | D:3      | Reached XP level 5. HP: 19/33 MP: 1/8
  2619 | D:3      | Noticed Natasha
  2624 | D:3      | Killed Natasha
  2624 | D:3      | Reached skill level 5 in Conjurations
  2930 | D:3      | Noticed Natasha
  2933 | D:3      | Killed Natasha
  3481 | D:4      | Reached XP level 6. HP: 39/39 MP: 3/10
  3552 | D:4      | Found a transporter.
  3561 | D:4      | Noticed Blackmass's ghost (amateur OpEE)
  3572 | D:4      | Found a transporter.
  3610 | D:4      | Found Dirghure's Antique Weapon Emporium.
  3823 | D:4      | Found a runed translucent door.
  3824 | D:4      | Noticed Crazy Yiuf
  4027 | D:4      | Killed Crazy Yiuf
  4089 | D:5      | Entered Level 5 of the Dungeon
  4160 | D:5      | Noticed an ice beast
  4168 | D:5      | Noticed Ijyb
  4265 | D:5      | Gained mutation: Your spells are a little harder to cast,
                  | but a little more powerful. [potion of mutation]
  4265 | D:5      | Gained mutation: You are frail. (-10% HP) [potion of
                  | mutation]
  4265 | D:5      | Gained mutation: Your mind is acute. (Int +2) [potion of
                  | mutation]
  4291 | D:5      | Killed an ice beast
  4291 | D:5      | Reached XP level 7. HP: 16/40 MP: 3/11
  4307 | D:5      | Blown up by Ijyb

Illustrated notes

Levels and vault maps discovered:
D:1:      nicolae_arrival_washed_ashore, layout_rooms
D:2:      layout_rooms, minitemple, okawaru_trees_1
D:3:      layout_basic, bh_walls_and_bars, uniq_natasha
D:4:      layout_gridville, gammafunk_ghost_smash, serial_shops, shop,
          uniq_crazy_yiuf_cottage
D:5:      layout_cave_pools, lemuel_round_altar, minmay_temple_entry_large_hall,
          portal_sewer_entry_d, serial_shops, nicolae_shop_statue_plus,
          roderic_batcave, uniq_eustachio, uniq_ijyb

Skill      XL: |  1  2  3  4  5  6 |
---------------+-------------------+-----
Stealth        | 3 4 |  4.9
Fighting       | 1 2 |  2.5
Conjurations   | 5 |  5.8
Dodging        | 3 |  3.4
Spellcasting   | 3 |  3.3

Action                   |  1- 3 |  4- 6 |  7- 9 || total
-------------------------+-------+-------+-------++-------
Melee: Unarmed           |    18 |    32 |     7 ||    57
       Constrict         |     6 |    10 |       ||    16
       Tentacles         |     1 |     6 |       ||     7
 Cast: Magic Dart        |    39 |   132 |     2 ||   173
       Searing Ray       |       |     4 |       ||     4
  Use: Potion            |       |     5 |     2 ||     7
       Scroll            |       |     2 |       ||     2
Armor: Skin              |     4 |     4 |     2 ||    10
Dodge: Dodged            |    31 |    29 |     2 ||    62

Table legend: (Time is in decaauts)
 A = Elapsed time spent in this place.
 B = Non-inter-level travel time spent in this place.
 C = Inter-level travel time spent in this place.
 D = Time resting spent in this place.
 E = Time spent auto-exploring this place.
 F = Levels seen in this place.
 G = Mean time per level.
                   A        B        C        D        E       F      G
               +--------+--------+--------+--------+--------+-----+--------+
         Total |   4310 |   4171 |    139 |    215 |   3427 |   5 |  862.0 |
       Dungeon |   4310 |   4171 |    139 |    215 |   3427 |   5 |  862.0 |
               +--------+--------+--------+--------+--------+-----+--------+

Top non-repeatable levels by time:
     D:1: 1325 daAuts
     D:3: 1268 daAuts
     D:2: 781 daAuts
     D:4: 764 daAuts
     D:5: 170 daAuts
